 Dungeon Crawl Stone Soup version 0.31-a0-542-gdc2a67831c (webtiles) character file.

Game seed: 11463188376756588303

654 Dittersdorf the Covered (level 7, -1/44 HPs)
             Began as a Gargoyle Fighter on Aug 14, 2023.
             Was a Follower of Okawaru.
             Slain by a shadow (24 damage)
             ... on level 5 of the Dungeon.
             The game lasted 00:04:27 (3751 turns).

Dittersdorf the Covered (Gargoyle Fighter)          Turns: 3751, Time: 00:04:28

Health: -1/44      AC: 16    Str: 22    XL:     7   Next: 54%
Magic:  7/7        EV:  8    Int:  8    God:    Okawaru [*.....]
Gold:   259        SH:  5    Dex:  9    Spells: 6/6 levels left

rFire   . . .        a - +0 flail
rCold   . . .        c - +0 buckler
rNeg    + . .        o - +0 chain mail
rPois   ∞            h - +0 helmet
rElec   +            (no cloak)
rCorr   .            (no gloves)
SInv    .            (no boots)
Will    .....        (no amulet) Stlth
                     (no ring)
HPRegen 0.27/turn    (no ring)
MPRegen 0.10/turn

%: no passive effects
@: no status effects
A: sickness immunity, AC +4, negative energy resistance 1, electricity
resistance, torment resistance 1, petrification resistance
a: Renounce Religion, Heroism


You were on level 5 of the Dungeon.
You worshipped Okawaru.
Okawaru was aware of your devotion.
You visited 2 branches of the dungeon, and saw 6 of its levels.

You collected 259 gold pieces.

Inventory:

Hand Weapons
 a - a +0 flail (weapon)
Missiles
 j - 2 poisoned darts
Armour
 c - a +0 buckler (worn)
 h - a +0 helmet (worn)
 o - a +0 chain mail (worn)
Wands
 r - a wand of quicksilver (14)
Scrolls
 e - a scroll of noise {unknown}
 f - a scroll of summoning {unknown}
 g - 2 scrolls of teleportation {unknown}
 i - a scroll of blinking {unknown}
 m - a scroll of amnesia {unknown}
 n - a scroll of vulnerability {unknown}
 s - a scroll of torment {unknown}
Potions
 b - 4 potions of curing {unknown}
 d - a potion of might
 k - a potion of heal wounds {unknown}
 l - a potion of invisibility {unknown}
 p - 2 potions of berserk rage
 q - a potion of brilliance {unknown}


   Skills:
 + Level 5.4 Fighting
 + Level 4.3 Maces & Flails
 + Level 5.4 Armour
 + Level 5.4 Shields


You had 6 spell levels left.
You didn't know any spells.
Your spell library contained the following spells:

 Spells                   Type           Power      Damage    Failure   Level
 Foxfire                  Conj/Fire      0%         2x1d4     97%         1
 Plasma Beam              Fire/Air       0%         2x1d10    100%        6
 Starburst                Conj/Fire      0%         6d3       100%        6


Dungeon Overview and Level Annotations

Branches:
Dungeon (5/15)             Temple (1/1) D:4

Altars:
Ashenzari
Cheibriados
Dithmenos
Elyvilon
Fedhas
Gozag
Hepliaklqana
Kikubaaqudgha
Nemelex Xobeh
Okawaru
Qazlal
Ru
Sif Muna
Trog
Uskayaw
Vehumet
Wu Jian
Xom
Yredelemnul
Zin
The Shining One


Innate Abilities, Weirdness & Mutations

You are immune to sickness and miasma.
Your stone body is resilient. (AC +4)
You are immune to poison.
You resist negative energy. (rN+)
You are resistant to electric shocks. (rElec)
You are resistant to unholy torment.
You are immune to petrification.


Message History

No target in view!
No target in view!
No target in view!
No target in view!
No target in view!
No target in view!
No target in view!
No target in view!
You now have 259 gold pieces (gained 13).
You open the door.
There is an open door here.
Found a stone staircase leading up.
A shadow comes into view.
The shadow slips into darkness.
The shadow flickers and vanishes!
Deactivating autopickup; reactivate with Ctrl-A.
No target in view!
There is an open door here.
You miss something.
The shadow strikes at you from the darkness!
Reactivating autopickup.
The shadow hits you.
You barely miss the shadow. The shadow closely misses you.
You barely miss the shadow. You block the shadow's attack.
You closely miss the shadow. You block the shadow's attack.
You completely miss the shadow. The shadow hits you!
You closely miss the shadow. The shadow hits you. x2
You closely miss the shadow. You block the shadow's attack.
You closely miss the shadow. The shadow hits you.
You hit the shadow.
The shadow is lightly damaged.
The shadow hits you.
You hit the shadow.
The shadow is moderately damaged.
The shadow slips into darkness.
The shadow flickers and vanishes!
Deactivating autopickup; reactivate with Ctrl-A.
The shadow strikes at you from the darkness!
Ouch! That really hurt!
You die...

#......#
##############.....##
##...##......##.....##
#....................#
#............##.....##
#............##......#
#######..............#
##...##.............##
#.....'{@............####
#.....#..................
#....##......##....†<####
#....##########......#
#.....# .......## #....##
........# ######....#
......... #....#....#
.##....>. #.........##..
#.....


There were no monsters in sight!

Vanquished Creatures
  A scorpion (D:5)
  3 hounds
  4 orc priests
  5 iguanas
  Natasha (thrice) (D:2)
  A gnoll (D:1)
  5 adders
  2 white imps
  An ufetubus (D:4)
  4 worms
  3 dart slugs
  4 orcs
  6 ball pythons
  7 bats
  10 endoplasms
  4 giant cockroaches
  10 goblins
  5 hobgoblins
  2 jackals (D:2)
  9 kobolds
  4 quokkas
  4 frilled lizards
  8 rats
105 creatures vanquished.

Notes
Turn   | Place    | Note
-------+----------+-------------------------------------------
     0 | D:1      | Dittersdorf the Gargoyle Fighter began the quest for the
                  | Orb.
     0 | D:1      | Reached XP level 1. HP: 14/14 MP: 1/1
    28 | D:1      | Reached XP level 2. HP: 12/19 MP: 2/2
   169 | D:1      | Reached XP level 3. HP: 23/23 MP: 3/3
   799 | D:2      | Reached XP level 4. HP: 29/29 MP: 4/4
  1050 | D:2      | Found a glowing golden altar of the Shining One.
  1101 | D:2      | Noticed Natasha
  1111 | D:2      | Killed Natasha
  1240 | D:2      | Noticed Natasha
  1247 | D:2      | Killed Natasha
  1248 | D:2      | Reached XP level 5. HP: 30/33 MP: 5/5
  1411 | D:2      | Noticed Natasha
  1425 | D:2      | Killed Natasha
  1499 | D:2      | Found a glowing golden altar of the Shining One.
  2159 | D:3      | Found a glowing silver altar of Zin.
  2267 | D:4      | Reached XP level 6. HP: 24/39 MP: 6/6
  2365 | D:4      | Found a staircase to the Ecumenical Temple.
  2373 | Temple   | Entered the Ecumenical Temple
  2386 | Temple   | Became a worshipper of Warmaster Okawaru
  2832 | D:4      | Reached skill level 5 in Armour
  2870 | D:4      | Reached skill level 5 in Shields
  2940 | D:4      | Reached skill level 5 in Fighting
  3044 | D:4      | HP: 1/40 [iguana (5)]
  3046 | D:4      | Reached XP level 7. HP: 1/44 MP: 7/7
  3503 | D:5      | Entered Level 5 of the Dungeon
  3595 | D:5      | Reached * piety under Okawaru
  3725 | D:5      | Noticed a shadow
  3751 | D:5      | Slain by a shadow

Illustrated notes

Levels and vault maps discovered:
D:1:      nzn_arrival_water_spiral, layout_basic, minmay_distorted
D:2:      layout_basic, basic_altar, uniq_natasha
D:3:      layout_rooms, zin_statuary, reono_crystal_passage
D:4:      layout_basic, minmay_temple_entry_waves
D:5:      layout_gridville, mainiacjoe_overflow_concentric_impassable,
          minmay_misc_feat_encased, kennysheep_path_1, nzn_random_ring
Temple:   nicolae_temple_bog_church

Skill      XL: |  1  2  3  4  5  6  7 |
---------------+----------------------+-----
Armour         | 4 5 |  5.4
Shields        | 4 5 |  5.4
Fighting       | 4 5 |  5.4
Maces & Flails | 3 4 |  4.3

Action                     |  1- 3 |  4- 6 |  7- 9 || total
---------------------------+-------+-------+-------++-------
  Melee: Flail             |    88 |   238 |    70 ||   396
    Use: Scroll            |       |     2 |       ||     2
 Armour: Scale mail        |    41 |    41 |       ||    82
         Chain mail        |       |    95 |    53 ||   148
  Dodge: Dodged            |    48 |   118 |    29 ||   195
  Block: Buckler           |    20 |    56 |    17 ||    93

Table legend: (Time is in decaauts)
 A = Elapsed time spent in this place.
 B = Non-inter-level travel time spent in this place.
 C = Inter-level travel time spent in this place.
 D = Time resting spent in this place.
 E = Time spent auto-exploring this place.
 F = Levels seen in this place.
 G = Mean time per level.
                   A        B        C        D        E       F      G
               +--------+--------+--------+--------+--------+-----+--------+
         Total |   3871 |   3740 |    131 |    503 |   2319 |   6 |  645.2 |
       Dungeon |   3844 |   3737 |    107 |    503 |   2319 |   5 |  768.8 |
        Temple |     26 |      2 |     24 |      0 |      0 |   1 |   26.0 |
               +--------+--------+--------+--------+--------+-----+--------+

Top non-repeatable levels by time:
     D:2: 1013 daAuts
     D:4: 966 daAuts
     D:3: 940 daAuts
     D:1: 738 daAuts
     D:5: 186 daAuts
  Temple: 26 daAuts
